 Dungeon Crawl Stone Soup version 0.28-a0-1555-g9ae15a6949 (webtiles) character file.

Game seed: 14483254862189105230

4298 lunkers the Covert (level 10, -3/80 HPs)
             Began as a Vampire Enchanter on Jan 18, 2022.
             Was a Believer of Ashenzari.
             Slain by an orc knight (22 damage)
             ... in a bailey.
             The game lasted 00:15:53 (8251 turns).

lunkers the Covert (Vampire Enchanter)              Turns: 8251, Time: 00:15:55

Health: -3/80      AC:  3    Str:  7    XL:     10   Next: 11%
Magic:  3/15       EV: 19    Int: 22    God:    Ashenzari [**....]
Gold:   765        SH:  3    Dex: 15    Spells: 7/15 levels left

rFire   . . .      SeeInvis +   a - +2 dagger of Ashenzari's Pleiades {venom, Melee, Alch} (curse)
rCold   . . .      Faith    .   u - +0 buckler
rNeg    . . .      Spirit   .   b - +0 robe
rPois   .          Reflect  .   (no helmet)
rElec   .          Harm     .   (no cloak)
rCorr   .          Rampage  .   (no gloves)
Will    +....                   k - +0 pair of boots of the Astral God {Evo, Self} (curse)
Stlth   +++++.....              (no amulet)
HPRegen 0.43/turn               j - ring of the Pangnostic Sorrow {Fly, Melee, Bglg} (curse)
MPRegen 0.14/turn               E - ring of the Fated Servitude {EV+4, Bglg, Self} (curse)

@: flying, healing quickly
A: alive, fangs 3, see invisible, vampiric 2
a: Exsanguinate, Renounce Religion, Shatter the Chains


You were in a bailey.
You worshipped Ashenzari.
Ashenzari was pleased with you.
You visited 2 branches of the dungeon, and saw 9 of its levels.
You also visited: Ossuary and Bailey.

You collected 795 gold pieces.
You spent 30 gold pieces at shops.

Inventory:

Hand Weapons
 a - the cursed +2 dagger of Ashenzari's Pleiades (weapon) {venom, Melee, Alch}
   (You took it off a goblin on level 1 of the Dungeon)

   It poisons the flesh of those it strikes.
   It has a curse which improves the following skills: Melee Combat: Short
   Blades, Long Blades, Axes, Maces & Flails, Polearms, Staves and Unarmed
   Combat.
   Alchemy:   Poison Magic and Transmutations.
 i - a +1 dagger
 w - a +1 short sword of venom
Missiles
 t - a throwing net
Armour
 b - a +0 robe (worn)
 k - the cursed +0 pair of boots of the Astral God (worn) {Evo, Self}
   (You found it on level 2 of the Dungeon)

   It has a curse which improves the following skills: Evocations: Evocations.
   Introspection: Fighting and Spellcasting.
 u - a +0 buckler (worn)
Jewellery
 j - the cursed ring of the Pangnostic Sorrow (left hand) {Fly, Melee, Bglg}
   (You found it on level 2 of the Dungeon)

   [ring of flight]

   Fly:       It grants you flight.
   It has a curse which improves the following skills: Melee Combat: Short
   Blades, Long Blades, Axes, Maces & Flails, Polearms, Staves and Unarmed
   Combat.
   Beguiling: Conjurations, Hexes and Translocations.
 E - the cursed ring of the Fated Servitude (right hand) {EV+4, Bglg, Self}
   (You found it on level 6 of the Dungeon)

   [ring of evasion]

   EV:        It affects your evasion (+4).
   It has a curse which improves the following skills: Beguiling: Conjurations,
   Hexes and Translocations.
   Introspection: Fighting and Spellcasting.
Wands
 e - a wand of iceblast (34)
 n - a wand of charming (8)
 p - a wand of paralysis (5)
 v - a wand of flame (7)
 x - a wand of acid (9)
Scrolls
 g - a scroll of fog
 m - 2 scrolls of enchant weapon
 o - a scroll of enchant armour
 r - a scroll of blinking
 y - a scroll of immolation
 C - 4 scrolls of teleportation
 F - a scroll of amnesia
 G - a scroll of magic mapping
Potions
 c - a potion of invisibility
 d - 4 potions of heal wounds
 f - 3 potions of lignification
 h - 3 potions of attraction
 l - 6 potions of might
 q - a potion of resistance
 s - 3 potions of curing
 z - 2 potions of ambrosia
 A - a potion of flight
 B - a potion of cancellation
 D - a potion of berserk rage


   Skills:
 + Level 5.8(7.7) Fighting
 - Level 7.1(9.1) Short Blades
 + Level 7.4 Dodging
 - Level 12.0 Stealth
 - Level 2.0(3.4) Spellcasting
 - Level 8.0(9.9) Hexes
 + Level 3.3(4.4) Evocations


You had 7 spell levels left.
You knew the following spells:

 Your Spells              Type           Power      Damage    Failure   Level
b - Ensorcelled Hibernat  Hex/Ice        50%        N/A       3%          2
c - Confusing Touch       Hex            47%        N/A       1%          3
d - Tukima's Dance        Hex            47%        N/A       1%          3

Your spell library contained the following spells:

 Spells                   Type           Power      Damage    Failure   Level
 Dazzling Flash           Conj/Hex       52%        N/A       6%          3
 Anguish                  Hex/Necr       12%        N/A       21%         4
 Wereblood                Tmut           4%         N/A       22%         2
 Sublimation of Blood     Necr           3%         N/A       24%         2
 Spider Form              Tmut/Pois      4%         N/A       43%         3
 Summon Hydra             Summ           1%         N/A       100%        7


Dungeon Overview and Level Annotations

Branches:
Dungeon (8/15)             Temple (1/1) D:5         Ossuary (visited)
 Bailey (1/1)
   Lair: D:8-11

Altars:
Ashenzari
Cheibriados
Dithmenos
Elyvilon
Fedhas
Gozag
Kikubaaqudgha
Makhleb
Nemelex Xobeh
Qazlal
Ru
Sif Muna
Trog
Uskayaw
Vehumet
Yredelemnul
Zin
The Shining One

Shops:
D:5 ?

Annotations:
D:4 1 transporter, exclusion: oklob plant, ytrimaz's ghost, amateur DsBe
D:5 1 runed translucent door, croobank's ghost, novice OpSu


Innate Abilities, Weirdness & Mutations

Your natural rate of healing is accelerated.
You have razor-sharp teeth.
You have supernaturally acute eyesight. (SInv)
You are afflicted with vampirism and can become a bat while bloodless.


Message History

Casting: Ensorcelled Hibernation (safe; 3% risk of failure)
Confirm with . or Enter, or press ? or * to list all spells.
Aiming: Ensorcelled Hibernation (safe; 3% risk of failure)
Press: ? - help, Shift-Dir - straight line, f/p - orc knight
Aim: an orc knight, wielding a +0 war axe and wearing a +0 ring mail (chance to affect: 38%)
The orc knight easily resists.
The orc knight closely misses you.
Casting: Ensorcelled Hibernation (safe; 3% risk of failure)
Confirm with . or Enter, or press ? or * to list all spells.
Aiming: Ensorcelled Hibernation (safe; 3% risk of failure)
Press: ? - help, Shift-Dir - straight line, f/p - orc knight
Aim: an orc knight, wielding a +0 war axe and wearing a +0 ring mail (chance to affect: 38%)
The orc knight easily resists.
* * * LOW MAGIC WARNING * * *
The orc knight closely misses you. The hobgoblin misses you.
Casting: Ensorcelled Hibernation (safe; 3% risk of failure)
Confirm with . or Enter, or press ? or * to list all spells.
Aiming: Ensorcelled Hibernation (safe; 3% risk of failure)
Press: ? - help, Shift-Dir - straight line, f/p - orc knight
Aim: an orc knight, wielding a +0 war axe and wearing a +0 ring mail (chance to affect: 38%)
The orc knight easily resists.
* * * LOW MAGIC WARNING * * *
The orc knight hits you with a +0 war axe!!
* * * LOW HITPOINT WARNING * * *
The hobgoblin misses you. The orc knight completely misses you.
You block the gnoll's attack. The gnoll completely misses you.
There is an open gate here.
There is a gate leading back out of this place here.
Aiming: Paralyse
Press: ? - help, Shift-Dir - straight line, f/p - orc knight
Aim: an orc knight, wielding a +0 war axe and wearing a +0 ring mail (chance to affect: 42%)
The orc knight resists with some effort.
The hobgoblin barely misses you. The orc knight misses you.
Aiming: Paralyse
Press: ? - help, Shift-Dir - straight line, f/p - orc knight
Aim: an orc knight, wielding a +0 war axe and wearing a +0 ring mail (chance to affect: 42%)
The orc knight resists with some effort.
The hobgoblin barely misses you.
The orc knight hits you with a +0 war axe!!
You die...

#.........#
##.......##
#.......#
##.....##
♣##'''##♣♣
♣........♣
♣♣.......♣♣
♣...ogg...♣♣
♣♣....@.....♣
♣.....∩.....♣
♣♣..........♣
♣.♣.....♣.♣♣
♣♣♣♣♣.♣.♣♣♣
♣♣♣♣♣


You could see an orc knight, a gnoll and a hobgoblin.

Vanquished Creatures
  Pikel (D:3)
  2 wyverns
  8 yaks (D:8)
  3 water moccasins
  Duvessa (D:5)
  An orc warrior (Bailey)
  A black bear (D:7)
  2 ice beasts
  An ogre (D:7)
  2 necrophages
  2 centaurs
  Blork the orc (D:3)
  A wyvern zombie (D:7)
  4 scorpions
  A water moccasin zombie (D:6)
  2 jellies
  Dowan (D:5)
  A howler monkey (D:6)
  6 hounds
  2 centaur skeletons (D:7)
  2 iguanas
  8 mummies (Ossuary)
  10 gnolls
  3 adders
  3 white imps
  3 ufetubi
  An adder skeleton (D:4)
  4 dart slugs
  12 orcs
  7 ball pythons
  6 endoplasms
  4 giant cockroaches
  2 gnoll zombies (Ossuary)
  4 hobgoblins
  2 jackals (D:1)
  8 kobolds
  2 quokkas
  4 bats (D:2)
  8 frilled lizards
  12 goblins
  2 hobgoblin zombies (Ossuary)
  2 kobold zombies (Ossuary)
  2 orc zombies (Ossuary)
  5 rats
159 creatures vanquished.

Vanquished Creatures (others)
  7 plants (D:1)
  2 withered plants (D:5)
9 creatures vanquished.

Grand Total: 168 creatures vanquished

Notes
Turn   | Place    | Note
-------+----------+-------------------------------------------
     0 | D:1      | lunkers the Vampire Enchanter began the quest for the Orb.
     0 | D:1      | Reached XP level 1. HP: 13/13 MP: 3/3
    55 | D:1      | Found a faded altar of an unknown god.
   160 | D:1      | Reached XP level 2. HP: 10/19 MP: 5/5
   211 | D:1      | Learned a level 2 spell: Ensorcelled Hibernation
   373 | D:1      | Reached skill level 5 in Hexes
   464 | D:1      | Reached skill level 5 in Stealth
   701 | D:1      | Gained mutation: You are afflicted with vampirism and can
                  | become a bat while bloodless. [Vampire growth]
   701 | D:1      | Reached XP level 3. HP: 17/24 MP: 1/6
  1290 | D:2      | Found a burning altar of Makhleb.
  1596 | D:2      | Reached skill level 6 in Stealth
  1899 | D:3      | Found a shadowy altar of Dithmenos.
  1923 | D:3      | Found a snail-covered altar of Cheibriados.
  1980 | D:3      | Reached XP level 4. HP: 28/30 MP: 2/7
  2219 | D:3      | Identified the -1 cloak of Namiuf {Harm rF- rCorr Dex+3}
  2415 | D:4      | Noticed an ogre
  2415 | D:4      | Noticed ytrimaz's ghost (amateur DsBe)
  2415 | D:4      | Noticed Pikel
  2415 | D:4      | Noticed a lemure
  2415 | D:4      | Noticed a lemure
  2415 | D:4      | Noticed a lemure
  2415 | D:4      | Noticed Blork the orc
  2415 | D:4      | Found a transporter.
  2416 | D:4      | Noticed a lemure
  2422 | D:3      | Killed Blork the orc
  2423 | D:3      | Reached skill level 7 in Stealth
  2423 | D:3      | Reached XP level 5. HP: 18/35 MP: 3/8
  2485 | D:3      | Learned a level 3 spell: Confusing Touch
  2489 | D:3      | Learned a level 3 spell: Tukima's Dance
  2497 | D:3      | Killed Pikel
  2498 | D:3      | Reached skill level 10 in Stealth
  2498 | D:3      | Reached XP level 6. HP: 20/41 MP: 4/9
  2498 | D:3      | Reached XP level 7. HP: 22/46 MP: 4/10
  2869 | D:4      | Found a blossoming altar of Fedhas.
  2891 | D:4      | Noticed an oklob plant
  2945 | D:4      | Found Mocypt's Weapon Shop.
  3108 | D:4      | Identified the +0 chain mail of the Ant {rCorr}
  3309 | D:4      | Reached skill level 5 in Short Blades
  3658 | D:4      | Found a basalt altar of Yredelemnul.
  3830 | D:5      | Entered Level 5 of the Dungeon
  3943 | D:5      | Reached skill level 11 in Stealth
  3968 | D:5      | Found a burning altar of Makhleb.
  4046 | D:5      | Found a sacrificial altar of Ru.
  4229 | D:5      | Reached XP level 8. HP: 39/52 MP: 4/11
  4319 | D:5      | Found a staircase to the Ecumenical Temple.
  4323 | D:5      | Noticed Duvessa
  4324 | D:5      | Noticed Dowan
  4329 | D:5      | Killed Duvessa
  4330 | D:5      | Reached skill level 12 in Stealth
  4343 | D:5      | Killed Dowan
  4378 | D:5      | Found a runed translucent door.
  4379 | D:5      | Noticed croobank's ghost (novice OpSu)
  4456 | D:5      | Found a sand-covered staircase.
  4461 | Ossuary  | Entered an ossuary
  5057 | Temple   | Entered the Ecumenical Temple
  5563 | Temple   | Became a worshipper of Ashenzari the Shackled
  5627 | D:5      | Reached skill level 1 in Fighting
  5692 | D:5      | Found Xomy's Magic Scroll Shop.
  5707 | D:5      | Bought a scroll of teleportation for 30 gold pieces
  6961 | D:7      | Reached * piety under Ashenzari
  7004 | D:7      | Reached XP level 9. HP: 62/65 MP: 5/12
  7187 | D:7      | Reached skill level 5 in Dodging
  7226 | D:7      | Found a shimmering blue altar of Sif Muna.
  7906 | D:8      | Reached ** piety under Ashenzari
  7937 | D:8      | Reached skill level 1 in Evocations
  7940 | D:8      | Reached skill level 5 in Fighting
  8021 | D:8      | Reached XP level 10. HP: 65/79 MP: 6/15
  8078 | D:8      | Found a flagged portal.
  8114 | Bailey   | Entered a bailey
  8215 | Bailey   | Noticed an orc knight
  8251 | Bailey   | Slain by an orc knight

Illustrated notes

Levels and vault maps discovered:
D:1:      dpeg_arrival_rooms_a, layout_basic,
          shapermc_ecumenical_altar_flowoftime, nicolae_grassy_gnolls
D:2:      layout_basic, basic_altar
D:3:      layout_rooms, zin_statuary, old_standard_altar,
          mainiacjoe_overflow_cross_hatched
D:4:      layout_cave_pods, general_overflow_altar, tgw_fedhas,
          gammafunk_ghost_smash, serial_shops, kennysheep_mini,
          hangedman_abyss_or_decor_lesser_grid, uniq_pikel, uniq_blork_the_orc
D:5:      layout_loops_corners, nicolae_overflow_crystal_walls,
          mainiacjoe_overflow_small_starburst, minmay_temple_entry_stoned_glass,
          enter_ossuary_2, gammafunk_ghost_grave, serial_shops, shop_coins,
          uniq_duvessa
D:6:      layout_loops_ring, minmay_quadrilaterals
D:7:      layout_loops_cross, mainiacjoe_overflow_surrounded_room
D:8:      layout_loops_cross, enter_bailey_3, uniq_joseph, uniq_grum
Temple:   chequers_temple_sunken
Bailey:   bailey_axe_minmay_hex_keep, bailey

Skill      XL: |  1  2  3  4  5  6  7  8  9 10 |
---------------+-------------------------------+-----
Hexes          | 5 7 8 |  8.0
Stealth        | 5 6 7 10 11 12 | 12.0
Short Blades   | 2 4 5 6 7 |  7.1
Fighting       | 2 5 |  5.8
Dodging        | 4 7 |  7.4
Evocations     | 2 3 |  3.3
Spellcasting   | |  2.0

Action                   |  1- 3 |  4- 6 |  7- 9 | 10-12 || total
-------------------------+-------+-------+-------+-------++-------
Melee: Dagger            |   111 |    14 |   308 |    46 ||   479
       Bite              |     8 |       |    50 |     8 ||    66
       Punch             |     2 |       |     2 |       ||     4
 Cast: Ensorcelled Hiber |     7 |     3 |    35 |    12 ||    57
       Tukima's Dance    |       |       |     3 |       ||     3
       Confusing Touch   |       |       |     8 |       ||     8
Invok: Curse Item        |       |       |     3 |     1 ||     4
Evoke: Wand              |       |       |    12 |     4 ||    16
  Use: Scroll            |     1 |     2 |     8 |       ||    11
 Stab: Sleeping          |    24 |     4 |    42 |     3 ||    73
       Confused          |       |       |     6 |       ||     6
Armor: Robe              |    13 |     1 |    24 |     1 ||    39
Dodge: Dodged            |    53 |     4 |   151 |    42 ||   250
Block: Buckler           |       |       |    20 |     9 ||    29

Table legend: (Time is in decaauts)
 A = Elapsed time spent in this place.
 B = Non-inter-level travel time spent in this place.
 C = Inter-level travel time spent in this place.
 D = Time resting spent in this place.
 E = Time spent auto-exploring this place.
 F = Levels seen in this place.
 G = Mean time per level.
                   A        B        C        D        E       F      G
               +--------+--------+--------+--------+--------+-----+--------+
         Total |   8144 |   7666 |    478 |    432 |   5564 |  11 |  740.4 |
       Dungeon |   6998 |   6560 |    438 |    296 |   4926 |   8 |  874.8 |
        Temple |    516 |    477 |     39 |      0 |    468 |   1 |  516.0 |
       Ossuary |    504 |    504 |      0 |    136 |    115 |   1 |  504.0 |
        Bailey |    125 |    125 |      0 |      0 |     55 |   1 |  125.0 |
               +--------+--------+--------+--------+--------+-----+--------+

Top non-repeatable levels by time:
     D:4: 1225 daAuts
     D:1: 1147 daAuts
     D:5: 1110 daAuts
     D:6: 938 daAuts
     D:7: 921 daAuts
     D:3: 750 daAuts
     D:2: 686 daAuts
  Temple: 516 daAuts
 Ossuary: 504 daAuts
     D:8: 218 daAuts
  Bailey: 125 daAuts
